 Dungeon Crawl Stone Soup version 0.30.1-11-g7821555f0a (webtiles) character file.

Game seed: 2688270506232815848

634 jagang the Slasher (level 7, 0/56 HPs)
             Began as a Barachi Monk on Nov 8, 2023.
             Was a Believer of Okawaru.
             Slain by an iguana (8 damage)
             ... on level 5 of the Dungeon.
             The game lasted 00:10:42 (3213 turns).

jagang the Slasher (Barachi Monk)                   Turns: 3213, Time: 00:10:42

Health: 0/56       AC: 15    Str: 12    XL:     7   Next: 49%
Magic:  7/7        EV:  8    Int: 11    God:    Okawaru [**....]
Gold:   48         SH:  0    Dex: 16    Spells: 6/6 levels left

rFire   . . .        a - +0 falchion
rCold   . . .        d - orb {light}
rNeg    . . .        v - +0 chain mail
rPois   .            t - +0 helmet
rElec   .            i - +0 cloak
rCorr   .            h - +2 pair of gloves
SInv    .            y - +0 pair of boots
Will    .....        (no amulet) Stlth
                     (no ring)
HPRegen 0.29/turn    (no ring)
MPRegen 0.10/turn

%: no passive effects
@: confused, ambrosia-drunk, unable to hop, glowing, slow
A: amphibious, slowness 1, strong legs 1, +LOS
a: Hop, Renounce Religion, Heroism


You were on level 5 of the Dungeon.
You worshipped Okawaru.
Okawaru was pleased with you.
You visited 1 branch of the dungeon, and saw 5 of its levels.

You collected 314 gold pieces.
You spent 266 gold pieces at shops.

Inventory:

Hand Weapons
 a - a +0 falchion (weapon)
Missiles
 n - 4 atropa-tipped darts
 w - 5 poisoned darts
 F - 5 silver javelins
Armour
 d - an orb of light (worn)
 h - a +2 pair of gloves (worn)
 i - a +0 cloak (worn)
 t - a +0 helmet (worn)
 v - a +0 chain mail (worn)
 y - a +0 pair of boots (worn)
Wands
 z - a wand of polymorph (3)
 B - a wand of paralysis (8)
Scrolls
 b - 2 scrolls of teleportation
 g - 2 scrolls of fog
 k - a scroll of immolation
 m - a scroll of vulnerability
 o - 3 scrolls of enchant armour
 s - a scroll of torment
 x - a scroll of enchant weapon
 A - a scroll of blinking {unknown}
 C - a scroll of silence
 D - a scroll of brand weapon
 G - a scroll of identify
Potions
 e - a potion of might {unknown}
 f - a potion of mutation {unknown}
 l - 2 potions of curing {unknown}
 p - 2 potions of haste {unknown}
 q - 2 potions of attraction {unknown}
 r - a potion of lignification {unknown}
 u - 3 potions of heal wounds {unknown}
 E - a potion of degeneration {unknown}


   Skills:
 + Level 5.4 Fighting
 * Level 6.8 Long Blades
 + Level 2.4 Throwing
 + Level 2.8 Armour
 + Level 5.0 Dodging


You had 6 spell levels left.
You didn't know any spells.
Your spell library contained the following spells:

 Spells                   Type           Power      Damage    Failure   Level
 Sandblast                Erth           0%         2d4       100%        1
 Passwall                 Tmut/Erth      0%         N/A       100%        2
 Stone Arrow              Conj/Erth      0%         3d7       100%        3


Dungeon Overview and Level Annotations

Branches:
Dungeon (5/15)
 Temple: D:4-7

Altars:
Okawaru
Ru
Vehumet
Wu Jian
Xom

Shops:
D:4 ?

Portals:
Sewer: D:5

Annotations:
D:3 1 runed translucent door, rundlesten's ghost, amateur OpHW


Innate Abilities, Weirdness & Mutations

You are amphibious.
You cover ground slowly.
You can hop short distances.
You have an extended range of vision and can be seen from far away.


Message History

The ice beast is moderately wounded.
The ice beast hits you. The ice beast freezes you.
* * * LOW HITPOINT WARNING * * *
You hit the ice beast.
The ice beast is heavily wounded.
You are ready to hop once more.
The ice beast hits you but does no damage.
Hop to where?
Press: ? - help, Dir - move target Boing!
The ice beast hits you but does no damage.
You hit the ice beast.
The ice beast is heavily wounded.
The ice beast closely misses you.
You hit the ice beast but do no damage.
The ice beast is heavily wounded.
The ice beast hits you but does no damage.
You hit the ice beast.
The ice beast is severely wounded.
The iguana completely misses you. The ice beast closely misses you.
You hit the ice beast.
The ice beast is severely wounded.
The iguana bites you but does no damage.
You hit the ice beast but do no damage.
The ice beast is severely wounded.
The ice beast closely misses you. The iguana bites you!
* * * LOW HITPOINT WARNING * * *
You are confused.
You feel invigorated.
The ice beast hits you but does no damage.
The iguana bites you but does no damage.
The ice beast hits you but does no damage.
The iguana bites you.
* * * LOW HITPOINT WARNING * * *
The ice beast hits you.
* * * LOW HITPOINT WARNING * * *
The ice beast freezes you!
* * * LOW HITPOINT WARNING * * *
The iguana bites you!
You die...

.......#.#.#.......#.#+#+#.#
........#.#.#.....#.#.. #.#
...........#.#.#.#.#.... #.
................#.#.#... #
......##~~~≈~##..#.#. ...
......##≈~~~~##.#'#.. ...
......~≈.....~~...... ....
.....~~..†Y.~~......
....~~..∩l@........
....~~....~≈~......
....~~....(~~......
.##.##~~~~~##.###'. ...
#~~≈~~# .# ### ........ #
##########


You could see an ice beast and an iguana.

Vanquished Creatures
  An ice beast (D:5)
  A centaur (D:5)
  2 scorpions (D:5)
  An orc priest (D:5)
  2 hounds (D:4)
  2 iguanas
  An orc wizard (D:5)
  Robin (D:4)
  3 gnolls (D:4)
  4 adders
  2 shadow imps (D:5)
  A worm (D:3)
  9 orcs
  4 ball pythons
  3 bats
  6 endoplasms
  11 goblins
  7 hobgoblins
  5 quokkas
  6 frilled lizards
  9 kobolds
  5 rats
86 creatures vanquished.

Notes
Turn   | Place    | Note
-------+----------+-------------------------------------------
     0 | D:1      | jagang the Barachi Monk began the quest for the Orb.
     0 | D:1      | Reached XP level 1. HP: 18/18 MP: 1/1
    64 | D:1      | Reached XP level 2. HP: 24/25 MP: 2/2
   160 | D:1      | Reached skill level 4 in Long Blades
   747 | D:2      | Reached XP level 3. HP: 20/30 MP: 3/3
  1296 | D:3      | Found a shimmering altar of Xom.
  1389 | D:3      | Found a radiant altar of Vehumet.
  1505 | D:3      | Found a runed translucent door.
  1508 | D:3      | Noticed rundlesten's ghost (amateur OpHW)
  1770 | D:3      | Reached XP level 4. HP: 37/37 MP: 4/4
  1885 | D:4      | Found an ornate altar of the Wu Jian Council.
  1885 | D:4      | Noticed Robin
  1901 | D:4      | Reached skill level 5 in Long Blades
  2034 | D:4      | Killed Robin
  2222 | D:4      | Found Fuotsi's Magic Scroll Shoppe.
  2225 | D:4      | Bought a scroll of enchant weapon for 105 gold pieces
  2225 | D:4      | Bought a scroll of identify for 28 gold pieces
  2301 | D:4      | Reached XP level 5. HP: 43/43 MP: 5/5
  2307 | D:4      | Found a sacrificial altar of Ru.
  2592 | D:4      | Reached skill level 1 in Throwing
  2592 | D:4      | Reached skill level 1 in Armour
  2918 | D:4      | Bought a scroll of brand weapon for 133 gold pieces
  2937 | D:5      | Entered Level 5 of the Dungeon
  2937 | D:5      | Noticed a centaur
  2963 | D:5      | Killed a centaur
  2964 | D:5      | Reached skill level 6 in Long Blades
  2964 | D:5      | Reached XP level 6. HP: 40/50 MP: 6/6
  3034 | D:5      | Noticed an ice beast
  3056 | D:5      | Killed an ice beast
  3057 | D:5      | Reached skill level 5 in Fighting
  3076 | D:5      | Reached XP level 7. HP: 31/56 MP: 7/7
  3144 | D:5      | Found an iron altar of Okawaru.
  3152 | D:5      | Became a worshipper of Warmaster Okawaru
  3152 | D:5      | Reached * piety under Okawaru
  3152 | D:5      | Reached ** piety under Okawaru
  3185 | D:5      | Found a glowing drain.
  3199 | D:5      | Reached skill level 5 in Dodging
  3213 | D:5      | Slain by an iguana

Illustrated notes

Levels and vault maps discovered:
D:1:      minmay_arrival_shoal_huts, layout_basic
D:2:      layout_basic, chequers_serial_rivers_micro_e, minmay_misc_feat_roman,
          minmay_tiny_reverse_x
D:3:      layout_loops_cross, mainiacjoe_overflow_alcove_2, lemuel_doored_altar,
          ebering_ghost_inner_flame
D:4:      layout_gridville, nicolae_wu_jian_wuxing_cycle,
          mainiacjoe_overflow_boulevard, serial_shops,
          nicolae_shop_real_fake_doors, nicolae_underground_beach, uniq_robin
D:5:      layout_basic, okawaru_ov_weapons_minmay, cheibrodos_sewer_entry_sluice

Skill      XL: |  1  2  3  4  5  6  7 |
---------------+----------------------+-----
Long Blades    | 4 5 6 |  6.8
Fighting       | 4 5 |  5.4
Dodging        | 4 5 |  5.0
Throwing       | 1 2 |  2.4
Armour         | 1 2 |  2.8

Action                     |  1- 3 |  4- 6 |  7- 9 || total
---------------------------+-------+-------+-------++-------
  Melee: Falchion          |    94 |   128 |    60 ||   282
  Throw: Dart              |       |     3 |       ||     3
Ability: Hop               |       |     1 |     2 ||     3
  Evoke: Wand              |       |     3 |     6 ||     9
    Use: Scroll            |     4 |     3 |       ||     7
         Potion            |       |       |     1 ||     1
 Armour: Leather armour    |     9 |       |       ||     9
         Ring mail         |    14 |       |       ||    14
         Chain mail        |     3 |   147 |    52 ||   202
  Dodge: Dodged            |    52 |    77 |    30 ||   159
